EL
MONTGOMERY BISCUITS @ CORPUS CHRISTI HOOKS
07/24/2044
 
TOP OF THE 1ST
Montgomery Biscuits batting - Pitching for Corpus Christi Hooks : RHP Antonio Escobosa
Pitching: RHP Antonio Escobosa
Batting: RHB Cal Winters 0-0: Called Strike
0-1: Ball
1-1: Foul Ball, location: 2F
1-2: Strikes out swinging
Batting: RHB Steve French 0-0: Reached on error, E1 (Groundball, 15S, EV 61.9 MPH)
Batting: RHB Wing-kit Bu 0-0: Called Strike
0-1: Foul Ball, location: 2F
0-2: Strikes out swinging
Batting: LHB David Seminario 0-0: Ball
1-0: Called Strike
1-1: Foul Ball, location: 2F
1-2: Fly out, F8 (Flyball, 78XD, EV 110.6 MPH)
Top of the 1st over - 0 runs, 0 hits, 1 error, 1 left on base; Montgomery 0 - Corpus Christi 0
BOTTOM OF THE 1ST
Corpus Christi Hooks batting - Pitching for Montgomery Biscuits : LHP Randolph Rayner
Pitching: LHP Randolph Rayner
Batting: RHB Chris McGrath 0-0: SOLO HOME RUN (Line Drive, 7D, EV 99.4 MPH), Distance : 378 ft
Batting: LHB Dylan LaRose 0-0: Ball
1-0: Called Strike
1-1: Swinging Strike
1-2: Fly out, F9 (Flyball, 9S, EV 82.5 MPH)
Batting: RHB Pete Isley 0-0: Called Strike
0-1: Fly out, F9 (Flyball, 9D, EV 103.1 MPH)
Batting: RHB Jamie Jennings 0-0: Ball
1-0: SINGLE (Groundball, 4MD, EV 107.5 MPH)
Batting: RHB Jim Huff 0-0: Ball
1-0: Foul Ball, location: 2F
1-1: Called Strike
1-2: Strikes out swinging
Bottom of the 1st over - 1 run, 2 hits, 0 errors, 1 left on base; Montgomery 0 - Corpus Christi 1
TOP OF THE 2ND
Montgomery Biscuits batting - Pitching for Corpus Christi Hooks : RHP Antonio Escobosa
Batting: SHB Brett McEwen 0-0: Foul Ball, location: 2F
0-1: Ball
1-1: Foul Ball, location: 2F
1-2: Ground out 6-3 (Groundball, 6, EV 97.5 MPH)
Batting: RHB Sczlopy Hed 0-0: Ball
1-0: Called Strike
1-1: Ball
2-1: Foul Ball, location: 2F
2-2: Fly out, F8 (Line Drive, 8LM, EV 98.1 MPH)
Batting: RHB Devin Brown 0-0: Foul Ball, location: 2F
0-1: Foul Ball, location: 2F
0-2: SINGLE (Groundball, 6MD, EV 110.6 MPH)
Batting: RHB Kevin Kush 0-0: Ball
1-0: Called Strike
1-1: Ball
2-1: Ball
3-1: Called Strike
3-2: Ground out 4-3 (Groundball, 34, EV 101.9 MPH)
Top of the 2nd over - 0 runs, 1 hit, 0 errors, 1 left on base; Montgomery 0 - Corpus Christi 1
BOTTOM OF THE 2ND
Corpus Christi Hooks batting - Pitching for Montgomery Biscuits : LHP Randolph Rayner
Batting: RHB Jordan Williams 0-0: Swinging Strike
0-1: Ball
1-1: Ball
2-1: Foul Ball, location: 2F
2-2: Ball
3-2: Strikes out swinging
Batting: LHB Alexis Montoya 0-0: Ball
1-0: Foul Ball, location: 2F
1-1: Foul Ball, location: 2F
1-2: Ball
2-2: Ball
3-2: Strikes out looking
Batting: LHB Daniel Lopez 0-0: Ground out 4-3 (Groundball, 4MD, EV 83.1 MPH)
Bottom of the 2nd over - 0 runs, 0 hits, 0 errors, 0 left on base; Montgomery 0 - Corpus Christi 1
TOP OF THE 3RD
Montgomery Biscuits batting - Pitching for Corpus Christi Hooks : RHP Antonio Escobosa
Batting: RHB Alfredo Moreno 0-0: Ball
1-0: SINGLE (Groundball, 6MD, EV 98.8 MPH)
Batting: RHB Cal Winters 0-0: Ball
1-0: Called Strike
1-1: Ball
2-1: Ball
3-1: Called Strike
3-2: Foul Ball, location: 2F
3-2: DOUBLE (Line Drive, 89D, EV 107.5 MPH)
Alfredo Moreno to third
Batting: RHB Steve French 0-0: Called Strike
0-1: Foul Ball, location: 2F
0-2: Fly out, F8 (Flyball, 8RXD, EV 101.9 MPH)
Runner from 3rd tags up, SCORES, no throw by CF
Batting: RHB Wing-kit Bu 0-0: Called Strike
0-1: Foul Ball, location: 2F
0-2: Fly out, F4 (Line Drive, 4, EV 61.9 MPH)
Batting: LHB David Seminario 0-0: Called Strike
0-1: Ball
1-1: Swinging Strike
1-2: Strikes out looking
Top of the 3rd over - 1 run, 2 hits, 0 errors, 1 left on base; Montgomery 1 - Corpus Christi 1
BOTTOM OF THE 3RD
Corpus Christi Hooks batting - Pitching for Montgomery Biscuits : LHP Randolph Rayner
Batting: RHB Zach Shaughnessy 0-0: Ball
1-0: Called Strike
1-1: Ground out 3-1 (Groundball, 34, EV 91.2 MPH)
Batting: RHB Chris McGrath 0-0: Foul Ball, location: 2F
0-1: Swinging Strike
0-2: Ball
1-2: Foul Ball, location: 2F
1-2: Ball
2-2: Ball
3-2: Base on Balls
Batting: LHB Dylan LaRose 0-0: Ball
1-0: Ball
Chris McGrath steals 2nd base
2-0: SINGLE (Flyball, 89S, EV 90.0 MPH)
Chris McGrath to third
Runner from 3rd tries for Home, SAFE, throw by RF to home
Batting: RHB Pete Isley 0-0: Ball
1-0: Ball
Dylan LaRose steals 2nd base
2-0: Ball
3-0: Called Strike
3-1: Ground out 3-1 (Groundball, 34, EV 88.1 MPH)
Dylan LaRose to third
Batting: RHB Jamie Jennings 0-0: Ball
1-0: Foul Ball, location: 2F
1-1: SINGLE (Groundball, 34D, EV 94.4 MPH)
Dylan LaRose scores
Batting: RHB Jim Huff 0-0: Called Strike
0-1: Ground out 5-3 (Groundball, 56S, EV 86.2 MPH)
Bottom of the 3rd over - 2 runs, 2 hits, 0 errors, 1 left on base; Montgomery 1 - Corpus Christi 3
TOP OF THE 4TH
Montgomery Biscuits batting - Pitching for Corpus Christi Hooks : RHP Antonio Escobosa
Batting: SHB Brett McEwen 0-0: Ball
1-0: Ball
2-0: Ground out 5-3 (Groundball, 5, EV 91.9 MPH)
Batting: RHB Sczlopy Hed 0-0: DOUBLE (Line Drive, 9LS, EV 92.5 MPH)
Batting: RHB Devin Brown 0-0: Ball
1-0: Called Strike
1-1: Fly out, F4 (Line Drive, 4, EV 68.1 MPH)
Lined into DP, 4-6 (Line Drive, 4, EV 67.5 MPH)
Top of the 4th over - 0 runs, 1 hit, 0 errors, 0 left on base; Montgomery 1 - Corpus Christi 3
BOTTOM OF THE 4TH
Corpus Christi Hooks batting - Pitching for Montgomery Biscuits : LHP Randolph Rayner
Batting: RHB Jordan Williams 0-0: Ball
1-0: DOUBLE (Line Drive, 9LS, EV 101.2 MPH)
Batting: LHB Alexis Montoya 0-0: Swinging Strike
0-1: Ball
1-1: Swinging Strike
1-2: Ball
2-2: Strikes out swinging
Batting: LHB Daniel Lopez 0-0: Ball
1-0: Swinging Strike
1-1: Ground out 4-3 (Groundball, 4, EV 100.6 MPH)
Jordan Williams to third
Batting: RHB Zach Shaughnessy 0-0: Ball
1-0: Called Strike
1-1: Swinging Strike
1-2: Foul Ball, location: 2F
1-2: SINGLE (Line Drive, 4M, EV 100.0 MPH)
Jordan Williams scores
Batting: RHB Chris McGrath 0-0: Called Strike
0-1: Called Strike
0-2: Ball
1-2: Foul Ball, location: 2F
1-2: Ball
2-2: Hit by Pitch
Zach Shaughnessy to second
Batting: LHB Dylan LaRose 0-0: Ball
1-0: Called Strike
1-1: Foul Ball, location: 2F
1-2: Foul Ball, location: 2F
1-2: Strikes out swinging
Bottom of the 4th over - 1 run, 2 hits, 0 errors, 2 left on base; Montgomery 1 - Corpus Christi 4
TOP OF THE 5TH
Montgomery Biscuits batting - Pitching for Corpus Christi Hooks : RHP Antonio Escobosa
Batting: RHB Kevin Kush 0-0: Called Strike
0-1: Called Strike
0-2: Strikes out swinging
Batting: RHB Alfredo Moreno 0-0: Ball
1-0: Ball
2-0: Ball
3-0: Called Strike
3-1: Foul Ball, location: 2F
3-2: Base on Balls
Batting: RHB Cal Winters 0-0: Ball
1-0: Foul Ball, location: 2F
1-1: Called Strike
1-2: Foul Ball, location: 2F
1-2: Foul Ball, location: 2F
1-2: Ball
2-2: Strikes out swinging
Batting: RHB Steve French 0-0: Foul Ball, location: 2F
0-1: Foul Ball, location: 2F
0-2: Ball
1-2: Ball
2-2: Foul Ball, location: 2F
2-2: Ball
3-2: Base on Balls
Alfredo Moreno to second
Batting: RHB Wing-kit Bu 0-0: Ball
1-0: Fly out, F9 (Line Drive, 9D, EV 85.0 MPH)
Top of the 5th over - 0 runs, 0 hits, 0 errors, 2 left on base; Montgomery 1 - Corpus Christi 4
BOTTOM OF THE 5TH
Corpus Christi Hooks batting - Pitching for Montgomery Biscuits : LHP Randolph Rayner
Batting: RHB Pete Isley 0-0: Ball
1-0: Called Strike
1-1: Ball
2-1: SINGLE (Line Drive, 56, EV 95.0 MPH)
Batting: RHB Jamie Jennings 0-0: Fly out, F8 (Flyball, 78D, EV 90.0 MPH)
Batting: RHB Jim Huff 0-0: Foul Ball, location: 2F
0-1: 2-RUN HOME RUN (Flyball, 7D, EV 97.5 MPH), Distance : 370 ft
Pitching: RHP Jesse Rosa
Batting: RHB Jordan Williams 0-0: Foul Ball, location: 2F
0-1: Fly out, F9 (Flyball, 9D, EV 95.0 MPH)
Batting: LHB Alexis Montoya 0-0: Called Strike
0-1: Ball
1-1: Swinging Strike
1-2: Strikes out swinging
Bottom of the 5th over - 2 runs, 2 hits, 0 errors, 0 left on base; Montgomery 1 - Corpus Christi 6
TOP OF THE 6TH
Montgomery Biscuits batting - Pitching for Corpus Christi Hooks : RHP Antonio Escobosa
Batting: LHB David Seminario 0-0: Foul Ball, location: 2F
0-1: Ball
1-1: Ball
2-1: Fly out, F7 (Flyball, 78XD, EV 96.9 MPH)
Batting: SHB Brett McEwen 0-0: Ball
1-0: Ball
2-0: Ground out 6-3 (Groundball, 6, EV 83.1 MPH)
Batting: RHB Sczlopy Hed 0-0: Ground out 5-3 (Groundball, 5S, EV 69.4 MPH)
Top of the 6th over - 0 runs, 0 hits, 0 errors, 0 left on base; Montgomery 1 - Corpus Christi 6
BOTTOM OF THE 6TH
Corpus Christi Hooks batting - Pitching for Montgomery Biscuits : RHP Jesse Rosa
Batting: LHB Daniel Lopez 0-0: Ball
1-0: Ball
2-0: Fly out, F7 (Line Drive, 7, EV 95.0 MPH)
Batting: RHB Zach Shaughnessy 0-0: Ball
1-0: Called Strike
1-1: Foul Ball, location: 2F
1-2: Foul Ball, location: 2F
1-2: Ball
2-2: Fly out, F9 (Flyball, 9LM, EV 87.5 MPH)
Batting: RHB Chris McGrath 0-0: Fly out, F6 (Line Drive, 6, EV 66.9 MPH)
Bottom of the 6th over - 0 runs, 0 hits, 0 errors, 0 left on base; Montgomery 1 - Corpus Christi 6
TOP OF THE 7TH
Montgomery Biscuits batting - Pitching for Corpus Christi Hooks : RHP Antonio Escobosa
Batting: RHB Devin Brown 0-0: Called Strike
0-1: Ball
1-1: Ball
2-1: Called Strike
2-2: Ball
3-2: Ground out 6-3 (Groundball, 6MS, EV 93.1 MPH)
Pitching: RHP Jim Davis
Batting: RHB Kevin Kush 0-0: Foul Ball, location: 2F
0-1: Ball
1-1: Foul Ball, location: 2F
1-2: Foul Ball, location: 2F
1-2: Foul Ball, location: 2F
1-2: Ball
2-2: Strikes out swinging
Batting: RHB Alfredo Moreno 0-0: Ground out 4-3 (Groundball, 4S, EV 83.8 MPH)
Top of the 7th over - 0 runs, 0 hits, 0 errors, 0 left on base; Montgomery 1 - Corpus Christi 6
BOTTOM OF THE 7TH
Corpus Christi Hooks batting - Pitching for Montgomery Biscuits : RHP Jesse Rosa
Batting: LHB Dylan LaRose 0-0: Ball
1-0: Fly out, F8 (Flyball, 8RD, EV 75.6 MPH)
Batting: RHB Pete Isley 0-0: Ball
1-0: Foul Ball, location: 2F
1-1: Reached on error, E5 (Groundball, 5L, EV 85.0 MPH)
Batting: RHB Jamie Jennings 0-0: Ball
1-0: Ball
2-0: Called Strike
2-1: Fly out, F9 (Flyball, 9S, EV 90.0 MPH)
Batting: RHB Jim Huff 0-0: Foul Ball, location: 2F
0-1: Ball
1-1: Fly out, F7 (Flyball, 7LD, EV 100.6 MPH)
Bottom of the 7th over - 0 runs, 0 hits, 1 error, 1 left on base; Montgomery 1 - Corpus Christi 6
TOP OF THE 8TH
Montgomery Biscuits batting - Pitching for Corpus Christi Hooks : RHP Jim Davis
Batting: RHB Cal Winters 0-0: Called Strike
0-1: Ball
1-1: Called Strike
1-2: Ground out 6-3 (Groundball, 6, EV 81.2 MPH)
Batting: RHB Steve French 0-0: Foul Ball, location: 2F
0-1: Ground out 6-3 (Groundball, 6, EV 84.4 MPH)
Batting: RHB Wing-kit Bu SINGLE, but batter called out on appeal for missing first base!
Top of the 8th over - 0 runs, 0 hits, 0 errors, 0 left on base; Montgomery 1 - Corpus Christi 6
BOTTOM OF THE 8TH
Corpus Christi Hooks batting - Pitching for Montgomery Biscuits : RHP Jesse Rosa
Batting: RHB Jordan Williams 0-0: Ball
1-0: Swinging Strike
1-1: Called Strike
1-2: Foul Ball, location: 2F
1-2: Fly out, F9 (Flyball, 9S, EV 86.9 MPH)
Batting: LHB Alexis Montoya 0-0: Called Strike
0-1: Called Strike
0-2: Foul Ball, location: 2F
0-2: Fly out, F7 (Flyball, 7, EV 83.1 MPH)
Batting: LHB Daniel Lopez 0-0: SINGLE (Flyball, 6MD, EV 91.2 MPH)
Pitching: RHP Cameron Bianchi
Batting: RHB Zach Shaughnessy 0-0: Ball
1-0: Called Strike
1-1: Ground out 4-3 (Groundball, 4, EV 77.5 MPH)
Bottom of the 8th over - 0 runs, 1 hit, 0 errors, 1 left on base; Montgomery 1 - Corpus Christi 6
TOP OF THE 9TH
Montgomery Biscuits batting - Pitching for Corpus Christi Hooks : RHP Jim Davis
Batting: LHB David Seminario 0-0: Ball
1-0: Ball
2-0: Called Strike
2-1: Ball
3-1: Foul Ball, location: 2F
3-2: Base on Balls
Batting: SHB Brett McEwen 0-0: Ball
1-0: Ball
2-0: Ball
3-0: Called Strike
3-1: Called Strike
3-2: Base on Balls
David Seminario to second
Pinch Hitting: LHB Davion Lewis 0-0: Fielders Choice at 2nd, 3-6 (Groundball, 34, EV 84.4 MPH)
David Seminario to third
Pinch Hitting: LHB Barnabé Metrass 0-0: Called Strike
0-1: Ball
1-1: Ball
2-1: Foul Ball, location: 2F
2-2: Fly out, F6 (Line Drive, 6, EV 71.9 MPH)
Batting: RHB Kevin Kush 0-0: Ball
1-0: Called Strike
1-1: Foul Ball, location: 2F
1-2: Strikes out swinging
Top of the 9th over - 0 runs, 0 hits, 0 errors, 2 left on base; Montgomery 1 - Corpus Christi 6
Thursday, March 31st , 2022 - OOTP Baseball 22.12 Build 89